 Dungeon Crawl Stone Soup version 0.27-a0-797-g27d10ad80f (webtiles) character file.

Game seed: 224935999803056375

9222 wakim the Tainter (level 11, -3/97 HPs)
             Began as a Naga Venom Mage on Mar 27, 2021.
             Was an Initiate of Cheibriados.
             Slain by Snorg (5 damage)
             ... on level 10 of the Dungeon.
             The game lasted 00:48:16 (14032 turns).

wakim the Tainter (Naga Venom Mage)                Turns: 14032, Time: 00:48:16

Health: -3/97      AC: 11    Str:  9    XL:     11   Next: 43%
Magic:  5/20       EV: 11    Int: 24    God:    Cheibriados [......]
Gold:   731        SH:  0    Dex: 13    Spells: 12/22 levels left

rFire    . . .     SeeInvis +   u - +10 battleaxe of Okawaru's Supremacy {flame, rC+ Str-2 Int+4}
rCold    + . .     Faith    .   (shield currently unavailable)
rNeg     + . .     Spirit   .   m - +1 leather armour {Will+}
rPois    +         Reflect  .   x - +0 helmet of the Queen of Pentacles {rElec rN+}
rElec    +         Harm     .   r - +0 cloak
rCorr    +         Rampage  .   k - +1 pair of gloves of Summer {rElec rPois Will+}
Will     +++..                  (no barding)
Stlth    ++++......             (no amulet)
HPRegen  0.26/turn              e - ring of resist corrosion
MPRegen  0.17/turn              g - ring of flight

@: very slow
A: AC +3, large, see invisible, deformed body, poison resistance, slowness 2,
spit poison 1, naga tail 1
a: Spit Poison, Renounce Religion, Evoke Flight, Bend Time


You were on level 10 of the Dungeon.
You worshipped Cheibriados.
Cheibriados was noncommittal.
You visited 2 branches of the dungeon, and saw 11 of its levels.
You also visited: Sewer and Bailey.

You collected 731 gold pieces.

Inventory:

Hand Weapons
 a - the +5 quarterstaff "Nuosagri" {vorpal, rF+ Str+5 Int-4 Dex-2}
   (You found it on level 5 of the Dungeon)

   It inflicts extra damage upon your enemies.
   It affects your strength (+5).
   It affects your intelligence (-4).
   It affects your dexterity (-2).
   It protects you from fire.
 b - a +1 dagger of holy wrath
 u - the +10 battleaxe of Okawaru's Supremacy (weapon) {flame, rC+ Str-2 Int+4}
   (You took it off an orc in a bailey)

   It has been specially enchanted to burn those struck by it, causing extra
   injury to most foes and up to half again as much damage against particularly
   susceptible opponents.
   Big, fiery blades are also staple armaments of hydra-hunters.
   It affects your strength (-2).
   It affects your intelligence (+4).
   It protects you from cold.
Missiles
 c - 47 boomerangs (quivered)
 f - 26 poisoned darts
 h - 13 javelins
 l - 4 silver boomerangs
Armour
 k - the +1 pair of gloves of Summer (worn) {rElec rPois Will+}
   (You found it on level 7 of the Dungeon)

   It insulates you from electricity.
   It protects you from poison.
   It affects your willpower, your defense against some magical effects.
 m - a +1 leather armour of willpower (worn)
 p - a +0 kite shield
 r - a +0 cloak (worn)
 s - a +2 pair of gloves
 t - a +3 plate armour of fire resistance
 v - a +7 plate armour of ponderousness
 x - the +0 helmet of the Queen of Pentacles (worn) {rElec rN+}
   (You found it on level 10 of the Dungeon)

   It insulates you from electricity.
   It protects you from negative energy.
Jewellery
 e - a ring of resist corrosion (left hand)
 g - a ring of flight (right hand)
Wands
 d - a wand of digging (6)
 j - a wand of polymorph (9)
 q - a wand of flame (39)
Scrolls
 D - a scroll of blinking
 F - 2 scrolls of fog
 X - 2 scrolls of magic mapping {@r4}
 Y - 5 scrolls of teleportation {@r3}
Potions
 i - a potion of attraction {unknown}
 n - a potion of berserk rage {unknown}
 o - a potion of cancellation {unknown}
 B - 5 potions of brilliance
 G - a potion of ambrosia
 H - a potion of haste
 J - 2 potions of curing {@q1}
 L - 5 potions of flight
 M - 2 potions of might
 N - 2 potions of heal wounds {@q2}
 P - a potion of lignification
 R - a potion of resistance
Miscellaneous
 w - a phial of floods


   Skills:
 - Level 6.0 Fighting
 + Level 4.6 Armour
 + Level 5.3 Dodging
 - Level 10.0 Stealth
 + Level 5.5 Unarmed Combat
 * Level 6.0 Spellcasting
 - Level 4.0 Transmutations
 + Level 3.0 Fire Magic
 - Level 4.0 Air Magic
 - Level 10.0 Poison Magic


You had 12 spell levels left.
You knew the following spells:

 Your Spells              Type           Power      Damage    Failure   Level
a - Sting                 Tmut/Pois      100%       1d8       1%          1
g - Ignite Poison         Fire/Tmut/Pois 34%        N/A       3%          3
s - Poisonous Vapours     Pois/Air       80%        N/A       1%          2
w - Olgreb's Toxic Radia  Pois           53%        N/A       1%          4

Your spell library contained the following spells:

 Spells                   Type           Power      Damage    Failure   Level
 Mephitic Cloud           Conj/Pois/Air  29%        N/A       4%          3
 Confusing Touch          Hex            7%         N/A       30%         3
 Gell's Gravitas          Tloc           3%         N/A       30%         3
 Petrify                  Tmut/Erth      16%        N/A       41%         4
 Yara's Violent Unravell  Hex/Tmut       8%         3d5       77%         5
 Metabolic Englaciation   Hex/Ice        3%         N/A       96%         5


Dungeon Overview and Level Annotations

Branches:
Dungeon (10/15)            Temple (1/1) D:6            Lair (0/6) D:8
    Orc (0/2) D:10          Sewer (visited)          Bailey (visited)

Altars:
Ashenzari
Cheibriados
Dithmenos
Elyvilon
Fedhas
Gozag
Hepliaklqana
Kikubaaqudgha
Makhleb
Nemelex Xobeh
Okawaru
Qazlal
Ru
Sif Muna
Trog
Uskayaw
Vehumet
Wu Jian
Xom
Yredelemnul
Zin
The Shining One

Annotations:
D:10 Snorg


Innate Abilities, Weirdness & Mutations

Your serpentine skin is tough. (AC +3)
You have supernaturally acute eyesight. (SInv)
Armour fits poorly on your strangely shaped body.
Your system is resistant to poisons. (rPois)
You cover ground very slowly.
You can spit poison.
You have a snake-like lower body.


Message History

Snorg shouts!
Snorg is poisoned.
The yak is poisoned.
The orc is poisoned.
The yak looks even sicker.
The yak looks even sicker.
The orc looks even sicker.
Your toxic aura wanes.
A yak comes into view. x2
You barely miss the yak.
The yak is almost dead.
The yak gores you!
Casting: Olgreb's Toxic Radiance (mildly dangerous; 1% risk of failure)
Confirm with . or Enter, or press ? or * to list all spells.
Aiming: Poisonous Vapours (safe; 1% risk of failure)
Press: ? - help, Dir - move target, f - Snorg
Aim: Snorg (lightly wounded, poisoned) Poisonous vapours surround Snorg!
The yak bellows!
You kill the orc!
Cheibriados thoroughly appreciates the change of pace.
Snorg is engulfed in poison gas.
Snorg looks even sicker.
The yak is engulfed in poison gas.
The yak is poisoned.
The yak is engulfed in poison gas.
The yak is poisoned.
The yak gores you.
You kill the yak!
Cheibriados thoroughly appreciates the change of pace.
Snorg goes berserk!
Your Spellcasting skill increases to level 6!
Your Fire Magic skill increases to level 3!
The yak looks more healthy.
Snorg bites you! Snorg claws you. Snorg claws you! The yak gores you!
* * * LOW HITPOINT WARNING * * *
Snorg bites you!
* * * LOW HITPOINT WARNING * * *
Snorg claws you!
* * * LOW HITPOINT WARNING * * *
Snorg claws you.
* * * LOW HITPOINT WARNING * * *
Snorg looks more healthy.
Snorg claws you!
* * * LOW HITPOINT WARNING * * *
Snorg claws you.
You die...

##### ### #.|.# #####<# #.#.#
#.....# #.#.############
########....Y###.#)...#.......#
..>..))'....YT@................
.....###....########.##..(..#.#
..? .'......+.................)
. ..###....##########........#
###### #........# #........#
#......<.# #........#
#........#


You could see Snorg (berserk) and 2 yaks.

Vanquished Creatures
  Erica (D:10)
  2 two-headed ogres
  Urug (D:10)
  Pikel (D:5)
  A manticore (D:10)
  A moth of wrath (D:5)
  A komodo dragon (D:8)
  A troll (D:9)
  A hornet (D:5)
  Sigmund (D:2)
  A shadow (D:9)
  7 yaks
  A steam dragon (D:10)
  2 sky beasts
  An ice beast (D:7)
  7 orc warriors
  A necrophage (D:3)
  An ogre (D:6)
  A lemure (D:5)
  2 kobold brigands
  Blork the orc (D:5)
  3 bullfrogs
  A wyvern zombie (D:7)
  2 scorpions
  A water moccasin skeleton (D:4)
  6 killer bees (D:8)
  8 wights
  6 electric eels (D:8)
  2 centaur zombies
  6 jellies
  4 hounds
  2 orc priests
  3 iron imps (D:5)
  Jessica (D:2)
  An iguana (D:5)
  7 orc wizards
  2 killer bee zombies
  8 adders
  4 gnolls
  A white imp (D:8)
  An adder skeleton (D:5)
  6 worms
  30 orcs
  9 bats
  6 endoplasms
  2 giant cockroaches (D:3)
  8 goblins
  11 hobgoblins
  8 jackals
  35 kobolds
  2 quokkas
  5 ball pythons
  6 frilled lizards
  5 rats
238 creatures vanquished.

Vanquished Creatures (others)
  A quokka (D:4)
  31 fungi
  44 plants
76 creatures vanquished.

Grand Total: 314 creatures vanquished

Notes
Turn   | Place    | Note
-------+----------+-------------------------------------------
     0 | D:1      | wakim the Naga Venom Mage began the quest for the Orb.
     0 | D:1      | Reached XP level 1. HP: 15/15 MP: 3/3
   201 | D:1      | Reached XP level 2. HP: 18/22 MP: 1/5
   380 | D:1      | Learned a level 2 spell: Poisonous Vapours
  1169 | D:1      | Reached XP level 3. HP: 28/28 MP: 3/6
  1655 | D:2      | Noticed Sigmund
  1716 | D:2      | Found a sparkling altar of Nemelex Xobeh.
  1813 | D:2      | Reached skill level 5 in Poison Magic
  2162 | D:2      | Reached XP level 4. HP: 36/36 MP: 2/7
  2828 | D:2      | Learned a level 4 spell: Olgreb's Toxic Radiance
  2874 | D:2      | Noticed Jessica
  2882 | D:2      | Killed Jessica
  2985 | D:2      | Found a blossoming altar of Fedhas.
  3143 | D:2      | Killed Sigmund
  3144 | D:2      | Reached XP level 5. HP: 32/42 MP: 5/9
  3144 | D:2      | Reached XP level 6. HP: 37/49 MP: 5/10
  3256 | D:3      | Learned a level 3 spell: Ignite Poison
  3527 | D:3      | Found a shadowy altar of Dithmenos.
  3783 | D:3      | Found a glowing drain.
  3787 | Sewer    | Entered a sewer
  3875 | Sewer    | Noticed a water moccasin
  4235 | D:3      | Found a glowing silver altar of Zin.
  4376 | D:4      | Found a white marble altar of Elyvilon.
  4399 | D:4      | Noticed a necrophage
  4441 | D:3      | Killed a necrophage
  4442 | D:3      | Reached XP level 7. HP: 7/53 MP: 11/11
  4807 | D:4      | Reached skill level 1 in Unarmed Combat
  4954 | D:4      | Found a shimmering blue altar of Sif Muna.
  4955 | D:4      | Found a shimmering altar of Xom.
  4955 | D:4      | Found a basalt altar of Yredelemnul.
  5206 | D:5      | Entered Level 5 of the Dungeon
  5273 | D:5      | Noticed Pikel
  5275 | D:5      | Killed Pikel
  5276 | D:5      | Reached XP level 8. HP: 57/62 MP: 0/12
  6398 | D:5      | Noticed a moth of wrath
  6400 | D:5      | Found a bloodstained altar of Trog.
  6409 | D:5      | Killed a moth of wrath
  6410 | D:5      | Reached XP level 9. HP: 68/68 MP: 2/13
  6418 | D:5      | Identified the +5 quarterstaff "Nuosagri" {vorpal, rF+
                  | Str+5 Int-4 Dex-2}
  6678 | D:5      | Found a burning altar of Makhleb.
  6679 | D:5      | Noticed Blork the orc
  6683 | D:5      | Killed Blork the orc
  6774 | D:5      | Noticed a hornet
  6777 | D:5      | Killed a hornet
  7431 | D:6      | Found a staircase to the Ecumenical Temple.
  7440 | Temple   | Entered the Ecumenical Temple
  7683 | D:6      | Found a glowing golden altar of the Shining One.
  7927 | D:6      | Reached skill level 1 in Fighting
  8449 | D:7      | Identified the +1 pair of gloves of Summer {rElec rPois
                  | Will+}
  9252 | D:7      | Found a broken altar of Ashenzari.
  9798 | D:8      | Found a flagged portal.
  9828 | Bailey   | Entered a bailey
 10058 | Bailey   | Reached XP level 10. HP: 81/81 MP: 0/15
 10095 | Bailey   | Identified the +10 battleaxe of Okawaru's Supremacy {flame,
                  | rC+ Str-2 Int+4}
 10440 | Bailey   | Reached skill level 10 in Poison Magic
 10874 | D:8      | Reached skill level 10 in Stealth
 11163 | D:8      | Reached skill level 5 in Fighting
 11599 | D:8      | Found a staircase to the Lair.
 11800 | D:8      | Noticed a two-headed ogre
 11803 | D:8      | Killed a two-headed ogre
 11804 | D:8      | Reached skill level 1 in Fire Magic
 12492 | D:9      | Noticed a two-headed ogre
 12495 | D:9      | Killed a two-headed ogre
 12496 | D:9      | Reached skill level 5 in Unarmed Combat
 12496 | D:9      | Reached skill level 5 in Spellcasting
 12496 | D:9      | Reached XP level 11. HP: 96/97 MP: 8/18
 13065 | D:9      | Found an iron altar of Okawaru.
 13422 | D:9      | Found a snail-covered altar of Cheibriados.
 13521 | D:9      | Became a worshipper of Cheibriados the Contemplative
 13708 | D:10     | Entered Level 10 of the Dungeon
 13811 | D:10     | Noticed a manticore
 13815 | D:10     | Killed a manticore
 13816 | D:10     | Reached skill level 5 in Dodging
 13893 | D:10     | Identified the +0 helmet of the Queen of Pentacles {rElec
                  | rN+}
 13912 | D:10     | Found a staircase to the Orcish Mines.
 13928 | D:10     | Noticed Urug
 13931 | D:10     | Killed Urug
 14018 | D:10     | Noticed Erica
 14022 | D:10     | Killed Erica
 14022 | D:10     | Noticed Snorg
 14032 | D:10     | HP: 2/97 [Snorg (7)]
 14032 | D:10     | Slain by Snorg

Illustrated notes

Levels and vault maps discovered:
D:1:      co_arrival_hall_of_pillars, layout_loops_corners, minivault_23
D:2:      layout_rooms, overflow_temple_1_default, fedhas_altar_3, uniq_sigmund,
          uniq_jessica
D:3:      layout_loops_ring, zin_treasury, gup_sewer_entry_bowl,
          grunt_dithmenos_smoke_and_mirrors
D:4:      layout_rooms, elyvilon_altar_4, gammafunk_temple_overflow_claw
D:5:      layout_basic, tgw_trog, demons_altar, uniq_pikel, uniq_blork_the_orc
D:6:      layout_cave_pools, old_standard_altar,
          minmay_temple_entry_statues_fountains, serial_column_ruins,
          column_ruins_hut, column_ruins_square_medium, column_ruins_open_tiny,
          column_ruins_grid_3, column_ruins_grid_4, column_ruins_columns_T,
          hangedman_decor_opposing
D:7:      layout_rooms, basic_altar, kennysheep_decorative_pillar
D:8:      layout_gridville, grunt_lair_entry_orc_guard_hut, enter_bailey_3,
          serial_bayou, serial_bayou_lagoon_b, serial_bayou_pond_d,
          serial_bayou_crossing, serial_bayou_pond_c
D:9:      layout_basic, cheibrodos_worm_habitat, basic_altar
D:10:     layout_basic, orc_0_dummy, uniq_urug, uniq_snorg, uniq_erica
Temple:   jpeg_temple_clearing

Skill      XL: |  1  2  3  4  5  6  7  8  9 10 11 |
---------------+----------------------------------+-----
Poison Magic   | 5 6 7 8 9 10 | 10.0
Transmutations | 2 3 4 |  4.0
Spellcasting   | 3 5 6 |  6.0
Air Magic      | 2 3 4 |  4.0
Stealth        | 6 8 9 10 | 10.0
Unarmed Combat | 2 3 4 5 |  5.5
Dodging        | 2 3 4 5 |  5.3
Armour         | 2 3 4 |  4.6
Fighting       | 2 6 |  6.0
Fire Magic     | 1 3 |  3.0

Action                   |  1- 3 |  4- 6 |  7- 9 | 10-12 || total
-------------------------+-------+-------+-------+-------++-------
Melee: Staff             |    19 |     6 |       |       ||    25
       Dagger            |       |    57 |    21 |       ||    78
       Rapier            |       |       |     3 |       ||     3
       Quarterstaff      |       |       |    51 |     1 ||    52
       Battleaxe         |       |       |       |    56 ||    56
Throw: Boomerang         |     2 |       |       |       ||     2
 Cast: Sting             |    12 |    10 |    20 |       ||    42
       Poisonous Vapours |    31 |    28 |    35 |    27 ||   121
       Olgreb's Toxic Ra |       |     5 |    23 |    16 ||    44
       Ignite Poison     |       |     1 |    26 |    22 ||    49
 Abil: Spit Poison       |       |     6 |     6 |       ||    12
       Evoke Flight      |       |       |       |     5 ||     5
Evoke: Wand              |       |       |     1 |       ||     1
  Use: Scroll            |     3 |     3 |    12 |     3 ||    21
 Stab: Sleeping          |       |     2 |     6 |     2 ||    10
Armor: Robe              |     2 |    17 |    22 |       ||    41
       Leather armour    |       |       |     5 |    24 ||    29
       Plate armour      |       |       |       |     6 ||     6
Dodge: Dodged            |    18 |    43 |    51 |    41 ||   153

Table legend: (Time is in decaauts)
 A = Elapsed time spent in this place.
 B = Non-inter-level travel time spent in this place.
 C = Inter-level travel time spent in this place.
 D = Time resting spent in this place.
 E = Time spent auto-exploring this place.
 F = Levels seen in this place.
 G = Mean time per level.
                   A        B        C        D        E       F      G
               +--------+--------+--------+--------+--------+-----+--------+
         Total |  16878 |  16066 |    812 |   2788 |  10105 |  13 | 1298.3 |
       Dungeon |  15673 |  14885 |    788 |   2235 |   9856 |  10 | 1567.3 |
        Temple |    194 |    171 |     23 |      0 |    169 |   1 |  194.0 |
         Sewer |    129 |    129 |      0 |     67 |     23 |   1 |  129.0 |
        Bailey |    881 |    881 |      0 |    485 |     56 |   1 |  881.0 |
               +--------+--------+--------+--------+--------+-----+--------+

Top non-repeatable levels by time:
     D:1: 2436 daAuts
     D:8: 2415 daAuts
     D:5: 1844 daAuts
     D:3: 1747 daAuts
     D:9: 1625 daAuts
     D:6: 1460 daAuts
     D:7: 1440 daAuts
     D:2: 1380 daAuts
  Bailey: 881 daAuts
     D:4: 861 daAuts
    D:10: 461 daAuts
  Temple: 194 daAuts
   Sewer: 129 daAuts
